 Dungeon Crawl Stone Soup version 0.18-a0-33-g9e10395 (webtiles) character file.

243 MrRokkomies the Skirmisher (level 6, 0/51 HPs)
             Began as a Formicid Assassin on Nov 5, 2015.
             Succumbed to a killer bee's poison
             ... on level 11 of the Dungeon.
             The game lasted 00:02:18 (209 turns).

MrRokkomies the Skirmisher (Formicid Assassin)       Turns: 209, Time: 00:02:19

Health: 0/51       AC:  3    Str: 15    XL:     6   Next: 31%
Magic:  6/6        EV: 13    Int: 13    God:
Gold:   29         SH:  0    Dex: 12    Spells: 0 memorised, 5 levels left

rFire  . . .     SeeInvis +     b - +0 blowgun
rCold  . . .     Clarity  .     c - +0 robe
rNeg   . . .     SustAt   .     (no shield)
rPois  .         Gourm    .     (helmet unavailable)
rElec  .         Spirit   .     d - +0 cloak
rCorr  .         Warding  .     (no gloves)
rMut   .         Stasis   +     (no boots)
MR     .....                    (no amulet)
Stlth  +++.......               (no ring)
                                (no ring)

@: lethally poisoned (0 -> -4), not resistant to hostile enchantments, fairly
stealthy
A: permanent stasis, dig shafts and tunnels, four strong arms, antennae 3
a: Dig, Shaft Self


You were on level 11 of the Dungeon.
You were not hungry.

You visited 1 branch of the dungeon, and saw 6 of its levels.

You collected 29 gold pieces.

Inventory:

Hand Weapons
 a - a +2 dagger
 b - a +0 blowgun (weapon)
Missiles
 e - 2 poisoned needles (quivered)
 f - 2 curare-tipped needles
Armour
 c - a +0 robe (worn)
 d - a +0 cloak (worn)
Scrolls
 i - a scroll of random uselessness {unknown}
Comestibles
 g - 2 bread rations
 h - a chunk of flesh


   Skills:
 * Level 5.1 Fighting
 - Level 2.0 Short Blades
 - Level 1.5 Throwing
 * Level 3.6 Dodging
 - Level 4.8 Stealth


You had 5 spell levels left.
You didn't know any spells.

Dungeon Overview and Level Annotations

Branches:
Dungeon (11/15)
 Temple: D:4-7         Lair: D:8-11         Orc: D:9-12

Altars:
The Shining One


Innate Abilities, Weirdness & Mutations

You are under a permanent stasis effect.
You can dig through walls and to a lower floor.
Your four strong arms can wield two-handed weapons with a shield.
You have a pair of large antennae on your head (SInv).


Message History

Press: ? - help, Shift-Dir - straight line, f/p - killer bee
Aim: a killer bee (heavily wounded)
You shoot a poisoned needle.
The poisoned needle hits the killer bee!
The killer bee is poisoned.
The killer bee is heavily wounded.
The killer bee stings you.
* * * LOW HITPOINT WARNING * * *
* * * LOW HITPOINT WARNING * * *
You feel sick. The killer bee closely misses you.
* * * LOW HITPOINT WARNING * * *
You feel sick.
You kill the killer bee!
Your Fighting skill increases to level 5!
The killer bee barely misses you.
* * * LOW HITPOINT WARNING * * *
You feel sick. The killer bee stings you.
* * * LOW HITPOINT WARNING * * *
The killer bee closely misses you.
You die...

#..# #..#
#..# #<.#
#..#
#######..#
#........#
#.######.#
#.@# #.##
#y# #.#
#.# #.#
#.# #(#
#(#


You could see a killer bee.

Vanquished Creatures
  5 killer bees (D:11)
  An iguana (D:6)
6 creatures vanquished.

Notes
Turn   | Place    | Note
--------------------------------------------------------------
     0 | D:1      | MrRokkomies the Formicid Assassin began the quest for the Orb.
     0 | D:1      | Reached XP level 1. HP: 16/16 MP: 1/1
     3 | D:1      | You fall through a shaft!
     6 | D:2      | You fall through a shaft!
     9 | D:3      | You fall through a shaft for 3 floors!
    16 | D:6      | Noticed an iguana
    18 | D:6      | Killed an iguana
    18 | D:6      | Reached skill level 1 in Dodging
    18 | D:6      | Reached XP level 2. HP: 21/24 MP: 2/2
    18 | D:6      | Reached XP level 3. HP: 25/29 MP: 3/3
    26 | D:6      | You fall through a shaft for 2 floors!
    26 | D:8      | Found a glowing golden altar of the Shining One.
    40 | D:8      | You fall through a shaft for 3 floors!
   168 | D:11     | Noticed a killer bee
   177 | D:11     | Killed a killer bee
   177 | D:11     | Reached XP level 4. HP: 35/37 MP: 4/4
   193 | D:11     | Reached XP level 5. HP: 31/42 MP: 5/5
   199 | D:11     | Reached XP level 6. HP: 22/50 MP: 6/6
   205 | D:11     | HP: 2/50 [poisoned by a killer bee]
   205 | D:11     | Reached skill level 5 in Fighting
   209 | D:11     | Succumbed to a killer bee's poison

Vault maps used:
D:1:      sevenhm_arrival_forest_fort_large_1
D:6:      nicolae_qazlal_eye_of_the_storm
D:8:      minmay_diamond_stairs, old_standard_altar
D:11:     minmay_orc_entry_temple_small, enter_trove_3

Action                   |  1- 3 |  4- 6 || total
-------------------------+-------+-------++-------
Melee: Dagger            |     1 |       ||     1
 Fire: Blowgun           |     2 |     6 ||     8
 Abil: Shaft Self        |     5 |       ||     5
 Stab: Sleeping          |     1 |       ||     1
